 Dungeon Crawl Stone Soup version 0.22.0-27-ga576289 (webtiles) character file.

58 Monsterracer the Conjurer (level 4, -4/33 HPs)
             Began as a Hill Orc Wizard on Aug 22, 2018.
             Slain by a worm (6 damage)
             ... on level 1 of the Dungeon.
             The game lasted 00:04:34 (2501 turns).

Monsterracer the Conjurer (Hill Orc Wizard)         Turns: 2501, Time: 00:04:35

Health: -4/33      AC:  3    Str: 14    XL:     4   Next: 2%
Magic:  2/7        EV: 12    Int: 19    God:
Gold:   59         SH:  0    Dex:  9    Spells: 1/7 levels left

rFire    . . .     SeeInvis .   h - +0 dagger
rCold    . . .     Gourm    .   (no shield)
rNeg     . . .     Faith    .   a - +0 robe
rPois    .         Spirit   .   b - +0 hat
rElec    .         Reflect  .   (no cloak)
rCorr    .         Harm     .   i - +0 pair of gloves
MR       .....                  (no boots)
Stlth    ++........             (no amulet)
HPRegen  0.11/turn              (no ring)
MPRegen  0.10/turn              (no ring)

@: mighty
A: no striking features
a: no special abilities


You were on level 1 of the Dungeon.
You were not hungry.

You visited 1 branch of the dungeon, and saw 2 of its levels.

You collected 59 gold pieces.

Inventory:

Hand Weapons
 h - a +0 dagger (weapon)
Armour
 a - a +0 robe (worn)
 b - a +0 hat (worn)
 i - a +0 pair of gloves (worn)
Scrolls
 e - a scroll of teleportation {unknown}
 g - 2 scrolls of identify {unknown}
Potions
 f - a potion of haste {unknown}
 j - a potion of agility {unknown}
 k - a potion of ambrosia {unknown}
Comestibles
 c - a ration
 l - a chunk of flesh


   Skills:
 - Level 1.5 Dodging
 - Level 1.5 Stealth
 - Level 2.4 Spellcasting
 + Level 3.7 Conjurations
   Level 1.0 Summonings
 - Level 0.7 Translocations


You had one spell level left.
You knew the following spells:

 Your Spells              Type           Power        Failure   Level  Hunger
a - Magic Dart            Conj           ###.         3%          1    #......
b - Conjure Flame         Conj/Fire      #.......     22%         3    ###....
e - Blink                 Tloc           N/A          19%         2    ##.....

Your spell library contained the following spells:

 Spells                   Type           Power        Failure   Level  Hunger
 Call Imp                 Summ           #.......     16%         2    ##.....
 Slow                     Hex            #.......     24%         2    ##.....
 Mephitic Cloud           Conj/Pois/Air  #.......     28%         3    ###....


Dungeon Overview and Level Annotations

Branches:
Dungeon (2/15)

Altars:


Message History

Aiming: Magic Dart (safe; 3% risk of failure)
Press: ? - help, Shift-Dir - straight line, f - worm
Aim: a worm You miscast Magic Dart.
You are very lightly contaminated with residual magic.
You are momentarily dazzled by a flash of light!
You now have 6/7 mp.
Casting: Magic Dart (safe; 3% risk of failure)
Confirm with . or Enter, or press ? or * to list all spells.
Aiming: Magic Dart (safe; 3% risk of failure)
Press: ? - help, Shift-Dir - straight line, f/p - worm
Aim: a worm The magic dart hits the worm.
The worm is lightly wounded.
The worm bites you!
You take 10 damage, and have 18/33 hp.
MASSIVE DAMAGE!!
You now have 5/7 mp.
Casting: Magic Dart (safe; 3% risk of failure)
Confirm with . or Enter, or press ? or * to list all spells.
Aiming: Magic Dart (safe; 3% risk of failure)
Press: ? - help, Shift-Dir - straight line, f/p - worm
Aim: a worm (lightly wounded)
The magic dart hits the worm.
The worm is lightly wounded.
You now have 4/7 mp.
Casting: Magic Dart (safe; 3% risk of failure)
Confirm with . or Enter, or press ? or * to list all spells.
Aiming: Magic Dart (safe; 3% risk of failure)
Press: ? - help, Shift-Dir - straight line, f/p - worm
Aim: a worm (lightly wounded)
The magic dart hits the worm.
The worm is moderately wounded.
The worm bites you but does no damage.
You now have 3/7 mp.
Casting: Magic Dart (safe; 3% risk of failure)
Confirm with . or Enter, or press ? or * to list all spells.
Aiming: Magic Dart (safe; 3% risk of failure)
Press: ? - help, Shift-Dir - straight line, f/p - worm
Aim: a worm (moderately wounded)
The magic dart hits the worm.
The worm is heavily wounded.
The worm bites you!
* * * LOW HITPOINT WARNING * * *
You take 12 damage, and have 6/33 hp.
MASSIVE DAMAGE!!
You now have 2/7 mp.
Casting: Magic Dart (safe; 3% risk of failure)
Confirm with . or Enter, or press ? or * to list all spells.
Aiming: Magic Dart (safe; 3% risk of failure)
Press: ? - help, Shift-Dir - straight line, f/p - worm
Aim: a worm (moderately wounded)
The magic dart hits the worm.
The worm is heavily wounded.
You now have 2/7 mp.
Casting: Magic Dart (safe; 3% risk of failure)
Confirm with . or Enter, or press ? or * to list all spells.
Aiming: Magic Dart (safe; 3% risk of failure)
Press: ? - help, Shift-Dir - straight line, f/p - worm
Aim: a worm (moderately wounded)
The magic dart hits the worm.
The worm is severely wounded.
You now have 1/7 mp.
Casting: Magic Dart (safe; 3% risk of failure)
Confirm with . or Enter, or press ? or * to list all spells.
Aiming: Magic Dart (safe; 3% risk of failure)
Press: ? - help, Shift-Dir - straight line, f/p - worm
Aim: a worm (severely wounded)
The magic dart hits the worm.
The worm is almost dead.
Casting: Magic Dart (safe; 3% risk of failure)
Confirm with . or Enter, or press ? or * to list all spells.
You don't have enough magic to cast that spell.
You now have 0/7 mp.
Casting: Magic Dart (safe; 3% risk of failure)
Confirm with . or Enter, or press ? or * to list all spells.
You don't have enough magic to cast that spell.
Unknown command.
You barely miss the worm.
The worm is almost dead.
The worm bites you.
* * * LOW HITPOINT WARNING * * *
You take 5 damage, and have 3/33 hp.
Your magical contamination has completely faded away.
A rat comes into view.
There is a stone staircase leading up, spattered with blood here.
You climb upwards.
There is a stone staircase leading down, spattered with blood here.
You climb downwards.
The worm completely misses you.
There is a stone staircase leading up, spattered with blood here.
The rat bites you.
* * * LOW HITPOINT WARNING * * *
You climb upwards.
There is a stone staircase leading down, spattered with blood here.
Unknown command.
Unknown command.
You take 3 damage, and have 2/33 hp.
Unknown command.
Unknown command.
Okay, then.
It was a potion of might.
You feel very mighty all of a sudden. The rat closely misses you.
The worm bites you.
You die...

##########
###########.....(...
#...........########
###.########..#
#.).......)...#
############.#.#######.#.##
###
...........(.#.######.###.##
#.. ############...w@r...##
##>####..
#)..######.###.#...... #...#
##.#..#.###.. #...#
##.#.#.###.. ########...#
#.#.....### #..........#
#####.#w###.# # #.######..##
#.......# #.### #.#
###..#####.###.#.###....
###.# #..........#
#.#........


You could see a worm and a rat.

Vanquished Creatures
  3 oozes (D:1)
  A worm (D:1)
  2 dart slugs (D:1)
  A leopard gecko (D:1)
  6 bats (D:1)
  A giant cockroach (D:1)
  4 goblins (D:1)
  10 hobgoblins (D:1)
  5 frilled lizards (D:1)
  A kobold (D:1)
  5 rats (D:1)
39 creatures vanquished.

Notes
Turn   | Place    | Note
-------+----------+-------------------------------------------
     0 | D:1      | Monsterracer the Hill Orc Wizard began the quest for the Orb.
     0 | D:1      | Reached XP level 1. HP: 14/14 MP: 3/3
   257 | D:1      | Reached skill level 2 in Conjurations
   257 | D:1      | Reached XP level 2. HP: 20/20 MP: 0/5
   727 | D:1      | Reached XP level 3. HP: 26/26 MP: 4/6
   731 | D:1      | Learned a level 2 spell: Blink
   735 | D:1      | Learned a level 3 spell: Conjure Flame
   764 | D:1      | Reached skill level 3 in Conjurations
  1286 | D:1      | HP: 10/26 [ooze (4)]
  1889 | D:1      | HP: 12/26 [hobgoblin (3)]
  1933 | D:1      | HP: 8/26 [worm (7)]
  2010 | D:1      | HP: 2/26 [worm (12)]
  2106 | D:1      | HP: 2/26 [worm (8)]
  2394 | D:1      | Reached XP level 4. HP: 29/33 MP: 0/7
  2469 | D:2      | HP: 6/33 [worm (12)]
  2482 | D:2      | HP: 3/33 [worm (5)]
  2499 | D:2      | HP: 2/33 [rat (3)]
  2501 | D:1      | Slain by a worm

Skill      XL: |  1  2  3 |
---------------+----------+-----
Conjurations   | 2 3 |  3.7
Dodging        | |  1.5
Stealth        | |  1.5
Spellcasting   | |  2.4
Summonings     | |  1.0
Translocations | |  0.7

Action                   |  1- 3 |  4- 6 || total
-------------------------+-------+-------++-------
Melee: Unarmed           |    17 |       ||    17
       Dagger            |    23 |     1 ||    24
 Cast: Magic Dart        |   110 |     8 ||   118
  Use: Potion            |       |     1 ||     1
  Eat: Chunk             |     4 |     1 ||     5
Armor: Robe              |     8 |     1 ||     9
Dodge: Dodged            |    41 |     2 ||    43

Vault maps used:
D:1:      minmay_arrival_cross, st_stairs_5
D:2:      fedhas_altar_2
